 Dungeon Crawl Stone Soup version 0.28-a0-1199-gef9e1dbd39 (webtiles) character file.

Game seed: 16042681589300207781

42952 bjarki66 the Warrior (level 13, -4/119 HPs)
             Began as a Demonspawn Gladiator on Dec 18, 2021.
             Was the Champion of Qazlal.
             Killed from afar by a starcursed mass (11 damage)
             ... with an accursed screaming
             ... on level 3 of the Abyss on Dec 19, 2021.
             The game lasted 01:44:26 (14977 turns).

bjarki66 the Warrior (Demonspawn Gladiator)        Turns: 14977, Time: 01:44:27

Health: -4/119     AC: 26    Str: 27    XL:     13   Next: 88%
Magic:  13/13      EV: 14    Int: 10    God:    Qazlal [******]
Gold:   2308       SH:  8    Dex: 11    Spells: 12/12 levels left

rFire   + + .      SeeInvis .   v - +6 quick blade "Mueproso" {vorpal, *Corrode rF+ rC+ Str+9}
rCold   + . .      Faith    .   (no shield)
rNeg    . . .      Spirit   .   G - +7 ring mail "Peiqas" {Str-2 Int+5}
rPois   .          Reflect  .   (helmet restricted)
rElec   .          Harm     .   o - +2 cloak
rCorr   .          Rampage  .   (no gloves)
Will    .....                   (no boots)
Stlth   +.........              F - amulet of regeneration
HPRegen 0.00/turn               Q - ring of protection from fire
MPRegen 0.13/turn               P - +5 ring of protection

@: protected from physical damage, corroded, sanguine armoured, sick, slowed,
repel missiles, very slow
A: antennae 2, ignite blood 1, sanguine armour 2, demonic magic 1, [clumsy 2],
[deterioration 2], [dopey 2]
a: Renounce Religion, Upheaval, Elemental Force, Disaster Area


You were on level 3 of the Abyss.
You worshipped Qazlal.
Qazlal was exalted by your worship.
You visited 4 branches of the dungeon, and saw 15 of its levels.
You visited the Abyss 1 time.
You also visited: Sewer, Ossuary and Volcano.

You collected 3478 gold pieces.
You spent 1170 gold pieces at shops.

Inventory:

Hand Weapons
 v - the +6 quick blade "Mueproso" (weapon) {vorpal, *Corrode rF+ rC+ Str+9}
   (You acquired it on level 10 of the Dungeon)

   It inflicts extra damage upon your enemies.
   Str:       It affects your strength (+9).
   rF:        It protects you from fire.
   rC:        It protects you from cold.
   *Corrode:  It may corrode you when you take damage.
 T - a +0 fustibalus of flaming
Missiles
 d - 3 throwing nets
 l - 9 boomerangs
 p - 46 poisoned darts (quivered)
Armour
 o - a +2 cloak (worn)
 G - the +7 ring mail "Peiqas" (worn) {Str-2 Int+5}
   (You took it off a gnoll on level 5 of the Dungeon)

   Str:       It affects your strength (-2).
   Int:       It affects your intelligence (+5).
 S - a +4 scale mail of fire resistance
Jewellery
 r - a ring of fire
 F - an amulet of regeneration (around neck)
 J - a ring of wizardry
 N - a ring of wizardry
 P - a +5 ring of protection (right hand)
 Q - a ring of protection from fire (left hand)
 R - a ring of resist corrosion
Wands
 c - a wand of paralysis (13)
 i - a wand of flame (31)
 H - a wand of polymorph (20)
 O - a wand of acid (5)
Scrolls
 g - 4 scrolls of fog
 j - 5 scrolls of amnesia
 k - a scroll of vulnerability {unknown}
 m - 9 scrolls of teleportation
 n - 4 scrolls of magic mapping
 t - 3 scrolls of blinking
 z - 2 scrolls of fear
 B - 4 scrolls of enchant weapon
 D - 4 scrolls of enchant armour
Potions
 a - 3 potions of degeneration
 b - a potion of cancellation {unknown}
 e - a potion of resistance {unknown}
 f - 3 potions of invisibility
 h - 4 potions of curing
 s - 2 potions of lignification {unknown}
 u - a potion of berserk rage {unknown}
 w - 4 potions of flight
 x - 3 potions of attraction {unknown}
 A - a potion of mutation {unknown}
 C - 3 potions of might {unknown}
 I - 4 potions of brilliance {unknown}
 K - 2 potions of magic {unknown}
 M - 2 potions of ambrosia
 V - 2 potions of haste {unknown}
Miscellaneous
 W - a condenser vane


   Skills:
 * Level 16.7 Fighting
 - Level 8.2 Short Blades
 + Level 8.2 Throwing
 + Level 8.8 Armour
 + Level 10.0 Dodging
 + Level 3.1 Stealth
 + Level 5.9 Shields
 + Level 0.7 Invocations


You had 12 spell levels left.
You didn't know any spells.
Your spell library contained the following spells:

 Spells                   Type           Power      Damage    Failure   Level
 Sandblast                Erth           0%         2d4       45%         1
 Slow                     Hex            0%         N/A       45%         1
 Passwall                 Tmut/Erth      0%         N/A       61%         2
 Scorch                   Fire           0%         2d5       61%         2
 Static Discharge         Conj/Air       0%         N/A       61%         2
 Confusing Touch          Hex            0%         N/A       83%         3
 Ozocubu's Armour         Ice            0%         N/A       83%         3
 Stone Arrow              Conj/Erth      0%         3d7       83%         3
 Animate Dead             Necr           0%         N/A       99%         4
 Dispel Undead            Necr           0%         3d6       99%         4
 Flame Wave               Conj/Fire      0%         2d4       99%         4
 Sticky Flame             Conj/Fire      0%         2d3       99%         4
 Borgnjor's Vile Clutch   Necr/Erth      0%         N/A       100%        5
 Metabolic Englaciation   Hex/Ice        0%         N/A       100%        5
 Yara's Violent Unravell  Hex/Tmut       0%         3d3       100%        5
 Death Channel            Necr           0%         N/A       100%        6
 Simulacrum               Ice/Necr       0%         N/A       100%        6
 Summon Cactus Giant      Summ           0%         N/A       100%        6


Dungeon Overview and Level Annotations

Branches:
Dungeon (11/15)            Temple (0/1) D:7            Lair (1/6) D:9
    Orc (2/2) D:11            Elf (1/3) Orc:2         Sewer (visited)
Ossuary (visited)         Volcano (visited)

Altars:
Cheibriados
Nemelex Xobeh
Okawaru
Qazlal
Ru
Uskayaw
Yredelemnul
The Shining One
Beogh

Shops:
D:2 !   D:5 (   D:6 =   Orc:1 (   Orc:2 ?!=(

Annotations:
D:8 3 runed translucent doors, Protee's ghost, novice DsNe
D:9 5 runed translucent doors


Innate Abilities, Weirdness & Mutations

You have a pair of antennae on your head.
Your demonic aura sometimes causes spilled blood to erupt in flames.
When seriously injured, your blood forms thick armour. (AC +9)
Spells you cast may paralyse adjacent enemies.
[You are very clumsy. (Dex -4)]
[Your body often deteriorates upon taking damage.]
[You are very dopey. (Int -4)]


Message History

You block the hellwing's attack. x2
You hit the hellwing but do no damage.
The hellwing is lightly wounded.
The worldbinder calls forth creatures from the Swamp!
Something hits the starcursed mass.
The starcursed mass shudders and is absorbed by its neighbour.
The worldbinder calls forth creatures from the Swamp!
The goliath frog hits you from afar! The acid corrodes you!
You are splashed with acid!
* * * LOW HITPOINT WARNING * * *
The smoke demon gestures at you. Something smites you!
* * * LOW HITPOINT WARNING * * *
You are confused.
You feel invigorated.
You hear a shout!
The goliath frog hits you but does no damage.
The worldbinder calls forth creatures from the Swamp!
The smoke demon gestures at you. Something smites you!
* * * LOW HITPOINT WARNING * * *
A starcursed mass splits.
The starcursed mass shrieks in your mind.
* * * LOW HITPOINT WARNING * * *
The goliath frog misses you.
You feel better.
You feel less invigorated. The goliath frog misses you.
The hellwing swoops through the air toward you!
The hellwing misses you. The hellwing barely misses you.
The goliath frog barely misses you.
The hellwing hits you but does no damage. x3
The hellwing misses you. The goliath frog hits you from afar!
* * * LOW HITPOINT WARNING * * *
The acid corrodes you!
You are splashed with acid!
* * * LOW HITPOINT WARNING * * *
You hear a shout!
A starcursed mass splits.
A juggernaut zombie comes into view.
A starcursed mass splits.
A chorus of shrieks assaults your mind.
You die...

..# .. . #.#{ #..
.# # ####{.# ##..
##.x# . #....
##{##X#...# # #
{##.##X#.. #
#.#3.#X#.#.# #
#....#{#3#.#§☼#....
..##.##.F4@.......
#.# ##..#°.○#...##.
#..##.......# .
..#. ##.##.##Z. #.
# ..###.. .. . .
.... #.. # ≈ #...#
... #.... ..


You could see 3 starcursed masses, a hellwing, a goliath frog (summoned), a
smoke demon and a juggernaut zombie.

Vanquished Creatures
  A stone giant (Orc:2)
  A deep elf annihilator (Elf:1)
  An ettin (Orc:1)
  Harold (D:7)
  A centaur warrior (D:11)
  2 ogre magi (Orc:2)
  9 two-headed ogres
  A dancing weapon (Elf:1)
  3 thrashing horrors (Abyss:3)
  2 deep elf knights (Elf:1)
  5 skeletal warriors (D:11)
  A wretched star (Abyss:3)
  2 deep trolls (Orc:2)
  2 deep elf archers (Elf:1)
  3 deep elf zephyrmancers (Elf:1)
  An orc sorcerer (Orc:2)
  9 deep elf pyromancers (Elf:1)
  2 cyclopes
  A molten gargoyle (Volcano)
  An unseen horror (shapeshifter) (Elf:1)
  A cane toad (Lair:1)
  A gargoyle (Volcano)
  A freezing wraith (Abyss:3)
  An ancient zyme (Abyss:3)
  9 trolls
  3 raiju (Abyss:2)
  4 large abominations
  2 water elementals (Elf:1)
  A vampire (Abyss:3)
  5 yaks (D:10)
  2 wraiths
  2 fire elementals (Volcano)
  2 shadows
  2 vampire mosquitoes (D:10)
  A steam dragon (D:7)
  A two-headed ogre zombie (D:11)
  A warg (Orc:1)
  2 water moccasins
  2 acid dragons
  3 black bears
  13 orc warriors
  4 ice beasts
  2 sky beasts (D:7)
  19 ogres
  5 starcursed masses (Abyss:2)
  A centaur (D:7)
  2 kobold brigands
  2 phantoms
  8 bullfrogs
  2 earth elementals (Abyss:3)
  3 scorpions
  2 gnoll sergeants
  3 water moccasin zombies (Ossuary)
  A small abomination (Abyss:2)
  A water moccasin skeleton (D:4)
  3 troll zombies (D:11)
  5 killer bees (D:8)
  A howler monkey (D:8)
  2 bullfrog zombies
  2 jellies
  7 centaur zombies
  4 hounds
  12 orc priests
  2 iron imps
  A bullfrog skeleton (D:7)
  A centaur skeleton (D:6)
  Jessica (D:2)
  An iguana (D:7)
  11 orc wizards
  A killer bee zombie (D:8)
  2 ogre zombies (D:11)
  2 hound zombies (D:5)
  A hound skeleton (D:5)
  2 mummies (Ossuary)
  A howler monkey zombie (D:9)
  10 gnolls
  2 howler monkey skeletons
  5 adders
  3 shadow imps
  A white imp (D:8)
  2 ufetubi
  8 adder zombies (Ossuary)
  A worm (D:2)
  2 dart slugs
  59 orcs
  10 endoplasms
  6 giant cockroaches
  2 gnoll zombies (Ossuary)
  6 goblins
  12 hobgoblins
  5 jackals
  6 quokkas
  4 ball pythons
  10 bats
  4 frilled lizards
  2 goblin skeletons (D:11)
  3 goblin zombies (D:11)
  3 hobgoblin skeletons (D:11)
  11 hobgoblin zombies
  19 kobolds
  A kobold zombie (Ossuary)
  An orc skeleton (D:11)
  14 orc zombies
  A quokka skeleton (D:4)
  9 rats
447 creatures vanquished.

Vanquished Creatures (collateral kills)
  2 two-headed ogres (Orc:2)
  2 trolls (Orc:2)
  2 ogres (Orc:2)
  An orc priest (Orc:2)
7 creatures vanquished.

Vanquished Creatures (others)
  20 fungi
  28 plants
48 creatures vanquished.

Grand Total: 502 creatures vanquished

Notes
Turn   | Place    | Note
-------+----------+-------------------------------------------
     0 | D:1      | bjarki66 the Demonspawn Gladiator began the quest for the
                  | Orb.
     0 | D:1      | Reached XP level 1. HP: 16/16 MP: 1/1
   124 | D:1      | Gained mutation: Your demonic aura sometimes causes spilled
                  | blood to erupt in flames. [demonic ancestry]
   124 | D:1      | Reached XP level 2. HP: 4/22 MP: 2/2
   798 | D:1      | Found a faded altar of an unknown god.
  1260 | D:2      | Reached XP level 3. HP: 28/28 MP: 3/3
  1396 | D:2      | Noticed Jessica
  1398 | D:2      | Killed Jessica
  1498 | D:2      | Found Reokhit's Distillery.
  1516 | D:2      | Gained mutation: Spells you cast may paralyse adjacent
                  | enemies. [demonic ancestry]
  1516 | D:2      | Reached XP level 4. HP: 33/34 MP: 4/4
  2343 | D:3      | Reached skill level 1 in Armour
  2343 | D:3      | Reached skill level 1 in Stealth
  2457 | D:3      | Found a glowing drain.
  2462 | Sewer    | Entered a sewer
  2473 | Sewer    | Gained mutation: When seriously injured, your blood forms
                  | armour. (AC +9) [demonic ancestry]
  2473 | Sewer    | Reached XP level 5. HP: 37/40 MP: 5/5
  2562 | Sewer    | Reached skill level 3 in Fighting
  3213 | D:3      | Gained mutation: You have a pair of small antennae on your
                  | head. [demonic ancestry]
  3213 | D:3      | Reached XP level 6. HP: 12/47 MP: 6/6
  3652 | D:4      | Found a sand-covered staircase.
  3658 | Ossuary  | Entered an ossuary
  4208 | Ossuary  | Reached XP level 7. HP: 37/52 MP: 7/7
  4349 | D:4      | Identified the +1 leather armour of Lifelessness {rC+ Str+2
                  | Dex+3}
  4835 | D:4      | Reached skill level 4 in Fighting
  5094 | D:5      | Entered Level 5 of the Dungeon
  5203 | D:5      | Reached skill level 5 in Short Blades
  5261 | D:5      | Reached XP level 8. HP: 29/60 MP: 8/8
  5414 | D:5      | Identified the +7 ring mail "Peiqas" {Str-2 Int+5}
  5915 | D:5      | Found Oskoupn's Weapon Shoppe.
  5994 | D:5      | Reached skill level 5 in Dodging
  6029 | D:5      | Found a stormy altar of Qazlal.
  6036 | D:5      | Found a snail-covered altar of Cheibriados.
  6083 | D:5      | Became a worshipper of Qazlal Stormbringer
  6911 | D:6      | Found Paoseil's One-of-a-Kind Rings.
  6932 | D:6      | Reached skill level 5 in Fighting
  6938 | D:6      | Found an iron altar of Okawaru.
  7146 | D:6      | Upgraded the game from 0.28-a0-1190-g77e1c55843 to
                  | 0.28-a0-1199-gef9e1dbd39
  7236 | D:7      | Reached * piety under Qazlal
  7301 | D:7      | Noticed Harold
  7341 | D:7      | Killed Harold
  7342 | D:7      | Reached XP level 9. HP: 22/69 MP: 9/9
  7442 | D:7      | Reached skill level 5 in Throwing
  7475 | D:7      | Reached skill level 6 in Fighting
  7675 | D:7      | Reached skill level 5 in Armour
  7722 | D:7      | Found a staircase to the Ecumenical Temple.
  7847 | D:7      | Found a hide-covered altar of Uskayaw.
  8144 | D:8      | Reached ** piety under Qazlal
  8207 | D:8      | Reached XP level 10. HP: 36/77 MP: 10/10
  8271 | D:8      | Found a runed translucent gate.
  8271 | D:8      | Found a runed translucent gate.
  8271 | D:8      | Found a runed translucent gate.
  8271 | D:8      | Noticed Protee's ghost (novice DsNe)
  8273 | D:8      | Found a basalt altar of Yredelemnul.
  8582 | D:8      | Found a sacrificial altar of Ru.
  9209 | D:9      | Found a staircase to the Lair.
  9341 | D:9      | Noticed a two-headed ogre
  9348 | D:9      | Killed a two-headed ogre
  9349 | D:9      | Reached skill level 7 in Fighting
  9477 | Lair:1   | Entered Level 1 of the Lair of Beasts
  9487 | Lair:1   | Noticed a cane toad
  9491 | Lair:1   | Noticed a cane toad
  9492 | Lair:1   | Noticed a six-headed hydra
  9498 | Lair:1   | Killed a cane toad
  9543 | D:9      | Found the +9 staff of Olgreb {rPois∞}
  9548 | D:9      | Noticed a black mamba
  9548 | D:9      | Noticed a black mamba
  9549 | D:9      | Noticed a wolf spider
  9550 | D:9      | Noticed a black mamba
  9550 | D:9      | Found a runed translucent gate.
  9556 | D:9      | Found a runed translucent door.
  9560 | D:9      | Found a runed translucent gate.
  9561 | D:9      | Found a runed translucent door.
  9569 | D:9      | Reached *** piety under Qazlal
  9594 | D:9      | Found a runed translucent gate.
  9596 | D:9      | Noticed a wolf spider
  9596 | D:9      | Noticed a wolf spider
  9596 | D:9      | Noticed a wolf spider
  9596 | D:9      | Noticed a wolf spider
  9638 | D:9      | Found a sparkling altar of Nemelex Xobeh.
  9991 | D:10     | Entered Level 10 of the Dungeon
 10113 | D:10     | Identified 4 scrolls of acquirement
 10113 | D:10     | Acquired 805 gold pieces
 10158 | D:10     | Acquired a manual of Fighting
 10160 | D:10     | Acquired the +6 quick blade "Mueproso" {vorpal, *Corrode
                  | rF+ rC+ Str+9}
 10162 | D:10     | Acquired 908 gold pieces
 10217 | D:10     | Reached skill level 8 in Fighting
 10235 | D:10     | Gained mutation: When seriously injured, your blood forms
                  | thick armour. (AC +9) [demonic ancestry]
 10235 | D:10     | Reached XP level 11. HP: 86/86 MP: 11/11
 10392 | D:6      | Bought a +5 ring of protection for 770 gold pieces
 10590 | D:10     | Noticed a two-headed ogre
 10601 | D:10     | Killed a two-headed ogre
 10602 | D:10     | Reached skill level 1 in Shields
 10910 | D:11     | Noticed a skeletal warrior
 10910 | D:11     | Noticed a skeletal warrior
 10911 | D:11     | Noticed a skeletal warrior
 10911 | D:11     | Noticed a skeletal warrior
 10914 | D:11     | Noticed a skeletal warrior
 11080 | D:11     | Killed a skeletal warrior
 11081 | D:11     | Reached skill level 9 in Fighting
 11113 | D:11     | Killed a skeletal warrior
 11140 | D:11     | Killed a skeletal warrior
 11149 | D:11     | Reached skill level 10 in Fighting
 11379 | D:11     | Noticed a centaur warrior
 11400 | D:11     | Killed a centaur warrior
 11401 | D:11     | Reached skill level 11 in Fighting
 11470 | D:11     | Killed a skeletal warrior
 11621 | D:11     | Killed a skeletal warrior
 11637 | D:11     | Reached skill level 12 in Fighting
 11658 | D:11     | Reached **** piety under Qazlal
 11695 | D:11     | Found a staircase to the Orcish Mines.
 11752 | Orc:1    | Entered Level 1 of the Orcish Mines
 11958 | Orc:1    | Found a dark tunnel.
 11972 | Orc:1    | Noticed an ettin
 12019 | Orc:1    | Killed an ettin
 12071 | Orc:1    | Found Laanit's Antique Weapon Boutique.
 12137 | Orc:1    | Noticed a two-headed ogre
 12172 | Orc:1    | Killed a two-headed ogre
 12173 | Orc:1    | Reached skill level 13 in Fighting
 12173 | Orc:1    | Reached XP level 12. HP: 87/105 MP: 12/12
 12296 | Volcano  | Entered a volcano
 12301 | Volcano  | Found the +3 Mad Mage's Maulers {Infuse+∞ RegenMP Int-3}
 12588 | Orc:2    | Entered Level 2 of the Orcish Mines
 12642 | Orc:2    | Reached ***** piety under Qazlal
 12914 | Orc:2    | Found Deemifuy's Antique Weapon Emporium.
 12973 | Orc:2    | Noticed a two-headed ogre
 13001 | Orc:2    | Killed a two-headed ogre
 13006 | Orc:2    | Reached skill level 14 in Fighting
 13267 | Orc:2    | Noticed a two-headed ogre
 13275 | Orc:2    | Noticed a two-headed ogre
 13281 | Orc:2    | Noticed a two-headed ogre
 13283 | Orc:2    | Killed a two-headed ogre
 13284 | Orc:2    | Noticed a stone giant
 13288 | Orc:2    | Noticed a two-headed ogre
 13291 | Orc:2    | Killed a two-headed ogre
 13301 | Orc:2    | Killed a two-headed ogre
 13308 | Orc:2    | Noticed a two-headed ogre
 13310 | Orc:2    | Killed a two-headed ogre
 13319 | Orc:2    | Reached skill level 15 in Fighting
 13319 | Orc:2    | Noticed a two-headed ogre
 13333 | Orc:2    | Killed a stone giant
 13339 | Orc:2    | Noticed a two-headed ogre
 13346 | Orc:2    | Noticed an ogre mage
 13352 | Orc:2    | Killed a two-headed ogre
 13360 | Orc:2    | Killed a two-headed ogre
 13363 | Orc:2    | Killed a two-headed ogre
 13383 | Orc:2    | Gained mutation: You have a pair of antennae on your head.
                  | [demonic ancestry]
 13383 | Orc:2    | Reached XP level 13. HP: 55/116 MP: 13/13
 13488 | Orc:2    | Found Bepuot's Jewellery Shop.
 13490 | Orc:2    | Found Vygiom's Magic Scroll Boutique.
 13491 | Orc:2    | Found a staircase to the Elven Halls.
 13494 | Orc:2    | Found Mygil Tori's Antique Weapon Emporium.
 13502 | Orc:2    | Bought a scroll of blinking for 75 gold pieces
 13502 | Orc:2    | Bought a scroll of blinking for 75 gold pieces
 13502 | Orc:2    | Bought a scroll of identify for 20 gold pieces
 13502 | Orc:2    | Bought a scroll of identify for 20 gold pieces
 13510 | Orc:2    | Found Pulig's Distillery.
 13519 | Orc:2    | Reached skill level 5 in Shields
 13533 | Orc:2    | Bought a potion of heal wounds for 50 gold pieces
 13533 | Orc:2    | Bought a potion of ambrosia for 80 gold pieces
 13533 | Orc:2    | Bought a potion of ambrosia for 80 gold pieces
 13844 | Elf:1    | Entered Level 1 of the Elven Halls
 14160 | Elf:1    | Noticed a deep elf sorcerer
 14299 | Elf:1    | Reached skill level 16 in Fighting
 14352 | Elf:1    | Noticed a deep elf annihilator
 14376 | Elf:1    | Noticed a deep elf demonologist
 14378 | Elf:1    | Killed a deep elf annihilator
 14382 | Elf:1    | Cast into level 2 of the Abyss (a deep elf demonologist)
 14490 | Abyss:2  | Noticed a starcursed mass
 14563 | Abyss:2  | Reached ****** piety under Qazlal
 14648 | Abyss:2  | Noticed a starcursed mass
 14768 | Abyss:3  | Reached skill level 10 in Dodging
 14964 | Abyss:3  | Noticed a starcursed mass
 14973 | Abyss:3  | HP: 5/119 [starcursed mass/accursed screaming (7)]
 14977 | Abyss:3  | Killed from afar by a starcursed mass

Illustrated notes

Levels and vault maps discovered:
D:1:      tarquinn_simple_flora_water_a, layout_loops_ring,
          dreamdust_ecumenical_altar_grove
D:2:      layout_basic, serial_shops, shop, uniq_jessica
D:3:      layout_loops_cross, portal_sewer_entry_e, minivault_19
D:4:      minmay_chambers_of_threes, layout_rooms, nicolae_ossuary_entry_plus,
          grunt_decor_junction
D:5:      minmay_angry_zag, layout_basic, jmf_multi_god_temple, serial_shops,
          nicolae_shop_bloodbath_and_beyond
D:6:      black_bear_nest_2, layout_gridville, okawaru_trees_2,
          nicolae_shop_unique_rings, hangedman_decor_clover_reticule
D:7:      layout_rooms, old_standard_altar,
          minmay_temple_entry_statues_fountains, grunt_potential, uniq_harold
D:8:      layout_cave_pods, nicolae_yredelemnul_ghost_church,
          lemuel_crystal_altar, skrybe_limestone_x
D:9:      layout_stronghold, general_overflow_altar,
          due_lair_maze_entry_diamond, minmay_guarded_unrand_staff_of_olgreb
D:10:     layout_basic, nicolae_tso_carved_into_rock
D:11:     layout_long_grid, zombieorc2_lemuel
Lair:1:   layout_cave_pods, lemuel_fruit_tree
Orc:1:    layout_diamond_mine, nicolae_volcano_entry_two_sided, basic_altar,
          serial_shops, nicolae_shop_trees
Orc:2:    st_orc_open, layout_diamond_mine, serial_shops, shop, mines_bat_river
Elf:1:    nicolae_elf_arrival_fired_up, layout_loops_ring,
          hangedman_elf_represent
Abyss:3:  base: Depths:3, base:
D:9

Skill      XL: |  1  2  3  4  5  6  7  8  9 10 11 12 13 |
---------------+----------------------------------------+-----
Dodging        | 3 4 6 7 8 9 10 | 10.0
Short Blades   | 3 4 5 6 7 8 |  8.2
Throwing       | 2 3 4 5 6 7 8 |  8.2
Armour         | 1 2 3 5 6 7 8 |  8.8
Stealth        | 1 2 3 |  3.1
Fighting       | 3 4 5 6 8 13 15 16 | 16.7
Shields        | 2 4 5 |  5.9
Invocations    | |  0.7

Action                   |  1- 3 |  4- 6 |  7- 9 | 10-12 | 13-15 || total
-------------------------+-------+-------+-------+-------+-------++-------
Melee: Rapier            |    49 |       |       |       |       ||    49
       Short sword       |     2 |   244 |   477 |   172 |       ||   895
       Quick blade       |       |       |       |   739 |   557 ||  1296
Throw: Boomerang         |    26 |    49 |    24 |    16 |       ||   115
       Throwing net      |       |     1 |     1 |       |       ||     2
       Dart              |       |       |    68 |    37 |     2 ||   107
Invok: Upheaval          |       |       |       |     1 |       ||     1
  Use: Scroll            |     1 |     5 |     7 |    10 |     5 ||    28
       Potion            |       |     1 |     6 |     5 |     3 ||    15
 Stab: Sleeping          |     1 |       |       |       |       ||     1
       Distracted        |       |       |     2 |       |       ||     2
Armor: Leather armour    |     9 |    67 |    23 |       |       ||    99
       Ring mail         |       |       |   168 |   201 |    93 ||   462
Dodge: Dodged            |    32 |   135 |   311 |   284 |   151 ||   913
       Repelled          |       |       |       |     2 |     3 ||     5
Block: Other             |       |       |    10 |    89 |    89 ||   188

Table legend: (Time is in decaauts)
 A = Elapsed time spent in this place.
 B = Non-inter-level travel time spent in this place.
 C = Inter-level travel time spent in this place.
 D = Time resting spent in this place.
 E = Time spent auto-exploring this place.
 F = Levels seen in this place.
 G = Mean time per level.
                   A        B        C        D        E       F      G
               +--------+--------+--------+--------+--------+-----+--------+
         Total |  13966 |  13276 |    690 |   1553 |   7402 |  20 |  698.3 |
       Dungeon |  10295 |   9699 |    596 |    935 |   5975 |  11 |  935.9 |
          Lair |     24 |     24 |      0 |      0 |      6 |   1 |   24.0 |
  Orcish Mines |   1575 |   1481 |     94 |    106 |    822 |   2 |  787.5 |
   Elven Halls |    420 |    420 |      0 |     55 |    167 |   1 |  420.0 |
         Abyss |    361 |    361 |      0 |     30 |     96 |   2 |  180.5 |
         Sewer |    375 |    375 |      0 |      0 |    291 |   1 |  375.0 |
       Ossuary |    673 |    673 |      0 |    427 |      0 |   1 |  673.0 |
       Volcano |    241 |    241 |      0 |      0 |     44 |   1 |  241.0 |
               +--------+--------+--------+--------+--------+-----+--------+

Top non-repeatable levels by time:
     D:5: 1310 daAuts
     D:1: 1251 daAuts
     D:8: 1164 daAuts
   Orc:2: 1061 daAuts
     D:2: 1053 daAuts
     D:3: 1003 daAuts
     D:9: 934 daAuts
    D:10: 890 daAuts
     D:7: 775 daAuts
     D:4: 753 daAuts
     D:6: 747 daAuts
 Ossuary: 673 daAuts
   Orc:1: 513 daAuts
   Elf:1: 420 daAuts
    D:11: 411 daAuts
